Map: Dusk Towers

Players

ILLBdA - Winner!

  • Race: Zerg Zerg
  • League: Diamond

전체알람권

  • Race: Zerg Zerg
  • League: Gold

VOD

Have the link to the VOD?

Description

Time

  • Played on: Dec. 23, 2015, 3:23 a.m.
  • Length: 8:58
Show
View Real Time Build Order
Export as new Build Order

ILLBdA Zerg - Winner!

Build Orders: Hatch First 

Get SALT Encoding   

  12  0:01  Drone  
  13  0:12  Overlord  
  13  0:17  Drone  
  14  0:30  Drone x2  
  14  0:34  Drone  
  17  0:55  Hatchery  
  16  1:07  Spawning Pool  
  16  1:08  Drone  
  16  1:13  Drone  
  16  1:17  Extractor  
  16  1:18  Drone  
  16  1:21  Drone  
  18  1:37  Overlord  
  18  1:53  Queen  
  20  1:54  Zergling x4  
  22  2:06  Drone  
  23  2:11  Queen  
  25  2:18  Metabolic Boost  
  25  2:22  Drone  
  26  2:25  Drone  
  26  2:29  Queen  
  29  2:32  Drone x2  
  31  2:38  Drone x2  
  33  2:47  Drone x2  
  33  2:50  Overlord  
  36  2:58  Drone  
  36  3:04  Lair  
  35  3:08  Drone x3  
  38  3:14  Extractor  
  38  3:15  Drone x2  
  39  3:27  Drone x4  
  39  3:28  Overlord  
  44  3:48  Zergling x10  
  48  3:56  Overlord, Roach Warren  
  47  4:05  Spine Crawler  
  46  4:14  Zergling x16  
  54  4:20  Spine Crawler  
  54  4:21  Overlord  
  53  4:30  Extractor x2  
  51  4:42  Roach x7  
  66  4:55  Roach  
  64  5:00  Zergling x8  
  64  5:04  Glial Reconstitution  
  64  5:15  Roach x2  
  64  5:17  Overlord x3  
  68  5:24  Overlord x2  
  68  5:44  Roach x3  
  68  5:45  Roach x3  
  68  5:47  Ravager x2  
  68  5:48  Ravager x2  
  84  6:03  Roach x4  
  92  6:06  Roach  
  82  6:21  Roach  
  82  6:24  Ravager  
  82  6:25  Ravager  
  85  6:34  Roach  
  85  6:35  Roach x4  
  95  6:40  Roach  
  90  6:54  Roach  
  90  6:55  Roach x4  
  90  7:00  Roach  
  90  7:01  Roach  
  100  7:13  Roach x3  
  103  7:16  Roach  
  105  7:34  Roach  
  105  7:35  Overlord x2  
  105  7:45  Overlord x3  
  105  8:03  Ravager x6  
  105  8:04  Ravager x2  
Show
View Real Time Build Order
Export as new Build Order

전체알람권 Zerg 

Build Orders: Pool First 

Get SALT Encoding   

  12  0:01  Drone  
  13  0:07  Drone  
  14  0:15  Drone, Extractor  
  15  0:22  Overlord  
  15  0:42  Drone x2  
  17  0:46  Spawning Pool  
  17  0:48  Extractor  
  15  0:51  Drone  
  16  1:21  Hatchery  
  15  1:26  Drone x2  
  15  1:28  Drone  
  18  1:43  Queen  
  20  1:52  Overlord  
  20  1:54  Drone  
  21  2:03  Metabolic Boost  
  21  2:06  Drone  
  22  2:13  Drone  
  23  2:28  Zergling x2  
  24  2:40  Roach Warren  
  24  2:42  Queen  
  24  2:43  Drone  
  26  2:45  Zergling x2  
  26  2:51  Overlord  
  27  2:52  Drone  
  28  3:10  Drone  
  28  3:11  Overlord  
  28  3:12  Drone x2  
  31  3:15  Zergling x4  
  33  3:32  Roach x4  
  41  3:34  Roach  
  41  3:38  Roach  
  45  3:46  Roach  
  45  3:47  Roach  
  49  3:53  Roach  
  49  3:54  Overlord  
  51  4:06  Drone  
  52  4:25  Roach x4  
  52  4:27  Overlord x2  
  52  4:28  Overlord  
  59  5:03  Roach x7  
  52  5:16  Extractor  
  52  5:20  Zergling x12  
  57  5:24  Extractor  
  56  5:36  Drone x3, Extractor  
  58  5:56  Lair  
  58  6:11  Hatchery  
  45  6:22  Zergling x6  
  45  6:23  Roach, Zergling x10  
  45  6:24  Roach x2  
  59  6:35  Roach  
  59  6:36  Roach  
  59  6:37  Roach  
  43  7:02  Roach x7  
  43  7:07  Spire  
  56  7:13  Roach x2  
  56  7:14  Roach  
Tags
 
Matchup
ZvZ
Race
Zerg
Replay Pack
me
Add a new tag
Caveats
  • Supply blocks, unpowered buildings, or Contaminate may cause inaccurate times.
  • Supply counts are checked every 10 seconds.